 Dungeon Crawl Stone Soup version 0.27-a0-1513-g2aaa0cc67b (webtiles) character file.

Game seed: 1861439450955321804

429 blackman the Chopper (level 7, -2/52 HPs)
             Began as a Human Fighter on July 9, 2021.
             Slain by an orc (7 damage)
             ... on level 5 of the Dungeon.
             The game lasted 00:09:50 (3875 turns).

blackman the Chopper (Human Fighter)                Turns: 3875, Time: 00:09:50

Health: -2/52      AC: 12    Str: 18    XL:     7   Next: 19%
Magic:  7/7        EV:  3    Int:  8    God:
Gold:   149        SH: 14    Dex: 13    Spells: 6/6 levels left

rFire    . . .     SeeInvis .   a - +0 war axe
rCold    . . .     Faith    .   c - +0 kite shield
rNeg     . . .     Spirit   .   f - +0 plate armour
rPois    .         Reflect  +   (no helmet)
rElec    .         Harm     .   g - +0 cloak
rCorr    .         Rampage  .   (no gloves)
Will     .....                  (no boots)
Stlth    ..........             l - amulet of reflection
HPRegen  0.17/turn              (no ring)
MPRegen  0.10/turn              (no ring)

@: no status effects
A: no striking features
a: no special abilities


You were on level 5 of the Dungeon.
You visited 1 branch of the dungeon, and saw 5 of its levels.

You collected 149 gold pieces.

Inventory:

Hand Weapons
 a - a +0 war axe (weapon)
Missiles
 m - 4 boomerangs of dispersal (quivered)
Armour
 b - a +0 scale mail
 c - a +0 kite shield (worn)
 e - a +0 chain mail
 f - a +0 plate armour (worn)
 g - a +0 cloak (worn)
Jewellery
 l - an amulet of reflection (around neck)
Scrolls
 k - a scroll of identify
 n - a scroll of teleportation
 p - a scroll of magic mapping
 s - a scroll of vulnerability {unknown}
Potions
 d - a potion of cancellation
 h - a potion of attraction
 i - a potion of lignification
 j - a potion of ambrosia
 o - a potion of berserk rage {unknown}
 q - a potion of mutation
 r - a potion of brilliance


   Skills:
 - Level 3.0 Fighting
 * Level 7.2 Axes
 - Level 3.0 Armour
 - Level 3.0 Shields


You had 6 spell levels left.
You didn't know any spells.
Your spell library contained the following spells:

 Spells                   Type           Power      Damage    Failure   Level
 Freeze                   Ice            0%         1d3       100%        1
 Sandblast                Erth           0%         2d4       100%        1
 Passwall                 Tmut/Erth      0%         N/A       100%        2
 Frozen Ramparts          Ice            0%         1d2       100%        3
 Hailstorm                Conj/Ice       0%         3d3       100%        4
 Lee's Rapid Deconstruct  Erth           0%         3d5*      100%        5


Dungeon Overview and Level Annotations

Branches:
Dungeon (5/15)
 Temple: D:4-7

Altars:

Shops:
D:1 !   D:2 =   D:4 ?[

Annotations:
D:4 2 transporters, indyram44's ghost, amateur DsBe
D:5 Pikel


Message History

You completely miss the scorpion zombie.
You block the scorpion zombie's attack.
You open the door.
An orc comes into view. It is wielding a +0 morningstar.
The scorpion zombie hits you but does no damage.
The orc shouts!
There is an open door here.
You block the orc's attack.
An orc comes into view. It is wielding a +0 hand axe.
Found a scroll labelled IBUPSE ZIUTZ.
Your plate armour prevents you from hitting the orc.
You feel a little less mighty now. The orc hits you but does no damage.
You slash the orc!
You kill the orc!
You hit the scorpion zombie.
The scorpion zombie is lightly damaged.
The scorpion zombie hits you but does no damage.
You hit the scorpion zombie.
The scorpion zombie is moderately damaged.
You block the scorpion zombie's attack.
You hit the orc.
The orc is severely wounded.
You hit the orc but do no damage.
The orc is severely wounded.
The orc hits you but does no damage. You block the orc's attack.
You closely miss the orc.
The orc is severely wounded.
You completely miss the orc. You hit the orc.
You kill the orc!
You block the orc's attack.
You hit the orc but do no damage. The orc hits you with a +0 hand axe.
* * * LOW HITPOINT WARNING * * *
You slash the orc!
You kill the orc!
You closely miss the orc. The orc hits you but does no damage.
You hit the orc.
The orc is severely wounded.
The orc hits you with a +0 morningstar!
You die...

#.....##.#
+...o......#
#....#####.# #....
#.#
#....#####.#######
+....'...........?
..#####Z#######
..#####o#######
......)@)......
###############


You could see an orc and a scorpion zombie.

Vanquished Creatures
  2 lemures (D:5)
  A phantom (D:2)
  A howler monkey (D:4)
  A hound (D:4)
  2 orc priests (D:4)
  An iguana (D:4)
  An orc wizard (D:4)
  7 adders
  2 worms (D:2)
  3 dart slugs
  7 orcs
  5 ball pythons
  8 bats
  9 endoplasms
  11 giant cockroaches
  4 goblins
  13 hobgoblins
  6 jackals
  2 quokkas
  2 frilled lizards
  3 kobolds
  A quokka skeleton (D:4)
  4 rats
96 creatures vanquished.

Notes
Turn   | Place    | Note
-------+----------+-------------------------------------------
     0 | D:1      | blackman the Human Fighter began the quest for the Orb.
     0 | D:1      | Reached XP level 1. HP: 18/18 MP: 1/1
   202 | D:1      | Reached XP level 2. HP: 24/24 MP: 2/2
   300 | D:1      | Reached skill level 3 in Axes
   554 | D:1      | Reached XP level 3. HP: 29/29 MP: 3/3
   610 | D:1      | Found Tunofeb's Distillery.
   903 | D:2      | Found Nyla's Jewellery Boutique.
  1309 | D:2      | Reached skill level 4 in Axes
  1309 | D:2      | Reached XP level 4. HP: 34/35 MP: 4/4
  1387 | D:2      | Found a faded altar of an unknown god.
  1460 | D:3      | Noticed a phantom
  1485 | D:2      | Killed a phantom
  1486 | D:2      | Reached skill level 5 in Axes
  1486 | D:2      | Reached XP level 5. HP: 23/41 MP: 5/5
  2130 | D:3      | Reached XP level 6. HP: 47/47 MP: 6/6
  2486 | D:3      | Reached skill level 6 in Axes
  2849 | D:4      | Found Nicigouw's Magic Scroll Shoppe.
  2907 | D:5      | Entered Level 5 of the Dungeon
  3237 | D:4      | Noticed indyram44's ghost (amateur DsBe)
  3263 | D:4      | Reached skill level 7 in Axes
  3263 | D:4      | Reached XP level 7. HP: 39/52 MP: 7/7
  3441 | D:4      | Found a transporter.
  3470 | D:4      | Found Voise's Antique Armour Boutique.
  3487 | D:4      | Found a transporter.
  3797 | D:5      | Noticed Pikel
  3875 | D:5      | Slain by an orc

Illustrated notes

Levels and vault maps discovered:
D:1:      dpeg_chamrin_arrival_tetris, layout_basic, serial_shops,
          nicolae_shop_crystal, minmay_misc_feat_rugged
D:2:      layout_basic, chequers_ecumenical_altar_twisty, serial_shops, shop,
          minmay_misc_feat_tiny
D:3:      minmay_roachtagon, layout_basic
D:4:      cheibrodos_helix_gallery, layout_cave_pools, serial_shops,
          kennysheep_mini_moat, shop, gammafunk_ghost_mausoleum
D:5:      layout_basic, gammafunk_ghost_stat_death, uniq_prince_ribbit1,
          uniq_pikel, uniq_ijyb

Skill      XL: |  1  2  3  4  5  6 |
---------------+-------------------+-----
Axes           | 3 4 5 7 |  7.2
Fighting       | |  3.0
Armour         | |  3.0
Shields        | |  3.0

Action                   |  1- 3 |  4- 6 |  7- 9 || total
-------------------------+-------+-------+-------++-------
Melee: War axe           |    77 |   191 |    64 ||   332
  Use: Scroll            |       |     3 |     7 ||    10
       Potion            |       |     2 |     1 ||     3
Armor: Scale mail        |     2 |       |       ||     2
       Plate armour      |    49 |   152 |    30 ||   231
       Chain mail        |     6 |       |       ||     6
Dodge: Dodged            |    11 |    27 |     4 ||    42
Block: Kite shield       |    49 |   120 |    36 ||   205
       Reflection        |       |       |     1 ||     1

Table legend: (Time is in decaauts)
 A = Elapsed time spent in this place.
 B = Non-inter-level travel time spent in this place.
 C = Inter-level travel time spent in this place.
 D = Time resting spent in this place.
 E = Time spent auto-exploring this place.
 F = Levels seen in this place.
 G = Mean time per level.
                   A        B        C        D        E       F      G
               +--------+--------+--------+--------+--------+-----+--------+
         Total |   4033 |   3930 |    103 |    771 |   2279 |   5 |  806.6 |
       Dungeon |   4033 |   3930 |    103 |    771 |   2279 |   5 |  806.6 |
               +--------+--------+--------+--------+--------+-----+--------+

Top non-repeatable levels by time:
     D:3: 1078 daAuts
     D:2: 929 daAuts
     D:1: 847 daAuts
     D:4: 760 daAuts
     D:5: 417 daAuts
